 Dungeon Crawl Stone Soup version 0.31-a0-182-gc5ef74bbde (webtiles) character file.

Game seed: 17443785831812466128

33 qw the Chopper (level 3, -2/23 HPs)
             Began as a Gargoyle Fighter on June 20, 2023.
             Slain by Terence
             ... wielding a +0 flail
              (4 damage)
             ... on level 2 of the Dungeon.
             The game lasted 00:00:27 (905 turns).

qw the Chopper (Gargoyle Fighter)                    Turns: 905, Time: 00:00:28

Health: -2/23      AC: 10    Str: 21    XL:     3   Next: 29%
Magic:  3/3        EV:  9    Int:  8    God:
Gold:   76         SH:  4    Dex:  9    Spells: 2/2 levels left

rFire   . . .        Y - +0 war axe
rCold   . . .        c - +0 buckler
rNeg    + . .        b - +0 scale mail
rPois   inf          (no helmet)
rElec   +            (no cloak)
rCorr   .            (no gloves)
SInv    .            (no boots)
Will    .....        i - amulet of faith Stlth
                     (no ring)
HPRegen 0.23/turn    (no ring)
MPRegen 0.08/turn

%: faith
@: no status effects
A: sickness immunity, AC +3, negative energy resistance 1, electricity
resistance, torment resistance 1, petrification resistance
a: no special abilities


You were on level 2 of the Dungeon.
You visited 1 branch of the dungeon, and saw 2 of its levels.

You collected 76 gold pieces.


Innate Abilities, Weirdness & Mutations

You are immune to sickness and miasma.
Your stone body is resilient. (AC +3)
You are immune to poison.
You resist negative energy. (rN+)
You are resistant to electric shocks. (rElec)
You are resistant to unholy torment.
You are immune to petrification.


   Skills:
 - Level 3.2 Fighting
 + Level 3.3 Axes
 - Level 3.2 Armour
 - Level 3.2 Shields


You had 2 spell levels left.
You didn't know any spells.
Your spell library was empty.

Inventory:

Hand Weapons
 h - a +0 club
 Y - a +0 war axe (weapon)
Missiles
 k - 4 boomerangs (quivered)
Armour
 b - a +0 scale mail (worn)
 c - a +0 buckler (worn)
 e - a +0 pair of gloves
Jewellery
 i - an amulet of faith (around neck)
Scrolls
 a - a scroll of torment {unknown}
Potions
 d - a potion of might
 g - a potion of heal wounds
 l - a potion of haste

Dungeon Overview and Level Annotations

Branches:
Dungeon (2/15)

Altars:

Annotations:
D:2 Terence


Message History

HP restored.
Things that are here:
a quokka corpse; a jackal corpse
e - a +0 pair of gloves
Enter note:
Enter note:
There is a stone staircase leading down here.
Terence the Incautious comes into view.
He is wielding a +0 flail.
Terence shouts!
Terence drinks a potion.
Terence seems to speed up.
Enter note:
Enter note:
Enter note:
Enter note: You throw a boomerang.
The boomerang hits Terence but does no damage.
You throw a boomerang.
The boomerang hits Terence but does no damage.
You throw a boomerang. The boomerang hits Terence.
Terence is lightly wounded.
You barely miss Terence.
Terence is lightly wounded.
Terence completely misses you. Terence hits you but does no damage.
You hit Terence.
Terence is moderately wounded.
Terence closely misses you. Terence hits you with a +0 flail!
You hit Terence.
Terence is heavily wounded.
Terence hits you but does no damage. Terence hits you with a +0 flail.
You slash Terence!
Terence is almost dead.
Terence closely misses you. You block Terence's attack.
You closely miss Terence.
Terence is almost dead.
Terence hits you but does no damage. Terence hits you with a +0 flail.
You barely miss Terence.
Terence is almost dead.
Terence hits you with a +0 flail. Terence hits you but does no damage.
Terence hits you with a +0 flail.
You die...

##....%%....##.#
#.........###.#
+......>..# #.#
#........####.####...
#....................
#..........###.####...
...........###.#####
...........##......####
...........#...@.......
#........#....@.......
.....................
##..#..#............
........?.......
#...............
.###...........
..........##


You could see Terence (fast).

Vanquished Creatures
  A dart slug (D:1)
  5 endoplasms
  2 goblins (D:1)
  3 hobgoblins (D:1)
  4 jackals (D:2)
  A quokka (D:2)
  3 ball pythons
  3 bats (D:1)
  2 frilled lizards (D:1)
  2 kobolds (D:1)
  2 rats
28 creatures vanquished.

Notes
Turn   | Place    | Note
-------+----------+-------------------------------------------
     0 | D:1      | qw the Gargoyle Fighter began the quest for the Orb.
     0 | D:1      | Reached XP level 1. HP: 14/14 MP: 1/1
     0 | D:1      | 0 ||| qw: Version: 0.3-a-9-g12657ce
     0 | D:1      | 0 ||| qw: Game counter: 1331
     0 | D:1      | 0 ||| qw: Always use a shield: true
     0 | D:1      | 0 ||| qw: God list: Okawaru
     0 | D:1      | 0 ||| qw: Allow faded altars: false
     0 | D:1      | 0 ||| qw: Do Orc after D:15 true
     0 | D:1      | 0 ||| qw: Do second Lair branch before Depths: true
     0 | D:1      | 0 ||| qw: Lair rune preference: random
     0 | D:1      | 0 ||| qw: Plans: Normal, Zot:1-4, Slime:5, God:TSO, Crypt,
                  | Tomb, Abyss, Pan, Hells, Win
     0 | D:1      | 0 ||| PLANNING D:1-11
   155 | D:1      | Reached XP level 2. HP: 11/19 MP: 2/2
   200 | D:1      | 200 ||| Stepping ~*~*~tactically~*~*~ (hiding).
   668 | D:1      | Reached skill level 3 in Axes
   722 | D:1      | 722 ||| UPGRADING to amulet of faith.
   727 | D:1      | 727 ||| READING scroll labelled MUISHI REBIRAI.
   728 | D:1      | 728 ||| READING scroll labelled WIOHIU XOMPARE.
   729 | D:1      | 729 ||| READING scroll labelled HYD OPROCK.
   730 | D:1      | 730 ||| READING scroll labelled KAMPEC WADAORPH.
   735 | D:1      | 735 ||| DRINKING 2 orange potions.
   834 | D:2      | Reached XP level 3. HP: 23/23 MP: 3/3
   896 | D:2      | Noticed Terence
   905 | D:2      | HP: 2/23 [Terence/+0 flail (6)]
   905 | D:2      | Slain by Terence

Levels and vault maps discovered:
D:1:      dpeg_arrival_central, layout_basic
D:2:      layout_rooms, ebering_ecumenical_altar_petrified, basic_altar,
          chequers_jeans, moated_statue, dk_noncrumbling_3, uniq_terence

Skill      XL: |  1  2 |
---------------+-------+-----
Axes           | 2 3 |  3.3
Fighting       | |  3.2
Armour         | |  3.2
Shields        | |  3.2

Action                     || total
---------------------------++-------
  Melee: War axe           ||    68
  Throw: Boomerang         ||    21
    Use: Scroll            ||     4
         Potion            ||     1
 Armour: Scale mail        ||    39
  Dodge: Dodged            ||    36
  Block: Buckler           ||    18

Table legend:
 A = Non-vault XP
 B = Vault XP
 C = Vault XP percentage of total XP
 D = Non-vault monster count
 E = Vault monster count
 F = Vault count percentage of total count
                 A         B        C        D         E       F
            +---------+---------+-------+---------+---------+-------
      Total |      48 |       0 |   0.0 |      28 |       0 |   0.0
            +---------+---------+-------+---------+---------+-------
        D:1 |      32 |       0 |   0.0 |      19 |       0 |   0.0
        D:2 |      16 |       0 |   0.0 |       9 |       0 |   0.0
            +---------+---------+-------+---------+---------+-------
